 Dungeon Crawl Stone Soup version 0.28.0-53-g5a82cb258f (webtiles) character file.

Game seed: 17727823157452096810

156 Ethylacetat the Shooter (level 5, -9/49 HPs)
             Began as a Naga Hunter on May 23, 2022.
             Was an Initiate of Cheibriados.
             Killed by divine providence
             ... invoked by an orc priest
              (14 damage)
             ... on level 3 of the Dungeon.
             The game lasted 00:06:10 (2720 turns).

Ethylacetat the Shooter (Naga Hunter)               Turns: 2720, Time: 00:06:11

Health: -9/49      AC:  3    Str: 15    XL:     5   Next: 37%
Magic:  5/5        EV:  9    Int: 13    God:    Cheibriados [......]
Gold:   121        SH:  0    Dex: 14    Spells: 4/4 levels left

rFire   . . .      SeeInvis +   a - +1 shortbow
rCold   . . .      Faith    .   (shield currently unavailable)
rNeg    . . .      Spirit   .   c - +0 leather armour
rPois   +          Reflect  .   (no helmet)
rElec   .          Harm     .   (no cloak)
rCorr   .          Rampage  .   (no gloves)
Will    .....                   (no barding)
Stlth   ++........              (no amulet)
HPRegen 0.16/turn               (no ring)
MPRegen 0.09/turn               (no ring)

@: studying Armour, very slow
A: AC +1, large, see invisible, deformed body, poison resistance, slowness 2,
spit poison 1, naga tail 1
a: Spit Poison, Renounce Religion


You were on level 3 of the Dungeon.
You worshipped Cheibriados.
Cheibriados was noncommittal.
You visited 1 branch of the dungeon, and saw 4 of its levels.

You collected 121 gold pieces.

Inventory:

Hand Weapons
 a - a +1 shortbow (weapon)
 b - a +0 short sword
Missiles
 d - 39 arrows (quivered ammo)
Armour
 c - a +0 leather armour (worn)
Scrolls
 e - 2 scrolls of identify {unknown}
 f - 2 scrolls of teleportation {unknown}
 g - a scroll of brand weapon {unknown}
 h - 2 scrolls of amnesia {unknown}
 i - a scroll of enchant weapon {unknown}
 j - a scroll of blinking {unknown}
 k - a scroll of enchant armour {unknown}


   Skills:
 + Level 3.4 Fighting
 * Level 5.2 Bows
 + Level 0.4 Armour
 - Level 1.5 Dodging
 - Level 1.5 Stealth


You had 4 spell levels left.
You didn't know any spells.
Your spell library contained the following spells:

 Spells                   Type           Power      Damage    Failure   Level
 Confusing Touch          Hex            0%         N/A       75%         3
 Ozocubu's Armour         Ice            0%         N/A       75%         3
 Yara's Violent Unravell  Hex/Tmut       0%         3d3       100%        5
 Enfeeble                 Hex            0%         N/A       100%        7
 Ozocubu's Refrigeration  Ice            0%         4d5       100%        7


Dungeon Overview and Level Annotations

Branches:
Dungeon (4/15)
 Temple: D:4-7

Altars:
Cheibriados
Yredelemnul
Zin


Innate Abilities, Weirdness & Mutations

Your serpentine skin is tough. (AC +1)
You have supernaturally acute eyesight. (SInv)
Armour fits poorly on your strangely shaped body.
Your system is resistant to poisons. (rPois)
You cover ground very slowly.
You can spit poison.
You have a snake-like lower body.


Message History

The orc priest barely misses you.
Fire: 43 arrows
Press: ? - help, Q - select action, (/) - cycle Shift-Dir - straight line, f/p - orc priest
Aim: an orc priest, wielding a +2 short sword of speed and wearing a +0 leather armour (moderately wounded, 63% to hit)
You shoot an arrow. The arrow barely misses the orc priest.
The orc priest hits you with a +2 short sword of speed. x2
Aiming: Spit Poison (1% risk of failure)
Press: ? - help, Shift-Dir - straight line, f/p - orc priest
Aim: an orc priest, wielding a +2 short sword of speed and wearing a +0 leather armour (moderately wounded, 59% to hit)
The splash of poison hits the orc priest.
The orc priest is poisoned.
The orc priest is heavily wounded.
The orc priest barely misses you.
Fire: 42 arrows
Press: ? - help, Q - select action, (/) - cycle Shift-Dir - straight line, f/p - orc priest
Aim: an orc priest, wielding a +2 short sword of speed and wearing a +0 leather armour (heavily wounded, poisoned, 63% to hit)
You shoot an arrow. The arrow hits the orc priest.
The orc priest is heavily wounded.
The orc priest calls down the wrath of Beogh upon you.
Beogh smites you!
* * * LOW HITPOINT WARNING * * *
Fire: 41 arrows
Press: ? - help, Q - select action, (/) - cycle Shift-Dir - straight line, f/p - orc priest
Aim: an orc priest, wielding a +2 short sword of speed and wearing a +0 leather armour (heavily wounded, poisoned, 63% to hit)
You shoot an arrow.
The arrow hits the orc priest but does no damage.
The orc priest is heavily wounded.
The orc priest invokes the aid of Beogh against you.
Pain shoots through your body!
* * * LOW HITPOINT WARNING * * *
You aren't carrying any potions.
Fire: 40 arrows
Press: ? - help, Q - select action, (/) - cycle Shift-Dir - straight line, f/p - orc priest
Aim: an orc priest, wielding a +2 short sword of speed and wearing a +0 leather armour (heavily wounded, poisoned, 63% to hit)
You shoot an arrow. The arrow hits the orc priest.
The orc priest is severely wounded.
You have got your breath back.
The orc priest mumbles some strange prayers to Beogh against you.
Beogh smites you!
You die...

....#........#.................##
....#.##..........####.........##
............#####.# #...........
.........#.## #.####..#....##..
...#.......# ##.##....####.###.
...........#####..##.##..# #...#.
...........#..(..#.....#.#####...
..<............o.................
................@................
..........................######.
...#.....................## ##
..###....#...............## #
#####.....................# ##
###...#..>..............#.# ##.
#................#.....##.## ##..
#............##.#########..###..#
#............##.# ##.##..##


You could see an orc priest (poisoned).

Vanquished Creatures
  A scorpion (D:3)
  3 adders
  A worm (D:2)
  A dart slug (D:1)
  An orc (D:3)
  7 ball pythons
  7 bats
  3 endoplasms
  3 giant cockroaches (D:1)
  6 goblins
  8 hobgoblins
  5 kobolds
  3 quokkas (D:1)
  2 frilled lizards
  4 rats
55 creatures vanquished.

Notes
Turn   | Place    | Note
-------+----------+-------------------------------------------
     0 | D:1      | Ethylacetat the Naga Hunter began the quest for the Orb.
     0 | D:1      | Reached XP level 1. HP: 19/19 MP: 1/1
    75 | D:1      | Reached XP level 2. HP: 17/26 MP: 2/2
    91 | D:1      | Reached skill level 4 in Bows
   448 | D:1      | Reached XP level 3. HP: 26/33 MP: 3/3
   866 | D:1      | Found a faded altar of an unknown god.
  1389 | D:2      | Reached XP level 4. HP: 40/40 MP: 4/4
  2109 | D:2      | Found a glowing silver altar of Zin.
  2250 | D:3      | Noticed a scorpion
  2250 | D:3      | Found a basalt altar of Yredelemnul.
  2260 | D:3      | Killed a scorpion
  2261 | D:3      | Reached skill level 5 in Bows
  2261 | D:3      | Reached XP level 5. HP: 49/49 MP: 5/5
  2457 | D:3      | Found a snail-covered altar of Cheibriados.
  2493 | D:3      | Became a worshipper of Cheibriados the Contemplative
  2720 | D:3      | Killed from afar by an orc priest

Illustrated notes

Levels and vault maps discovered:
D:1:      ebering_trefoil_twist, layout_basic, ebering_ecumenical_altar_hall,
          grunt_decor_arrowhead
D:2:      layout_basic, basic_altar
D:3:      kennysheep_big_flooded_room, layout_rooms,
          mainiacjoe_overflow_catwalk_spiral
D:4:      layout_basic

Skill      XL: |  1  2  3  4 |
---------------+-------------+-----
Bows           | 4 5 |  5.2
Fighting       | 3 |  3.4
Armour         | |  0.4
Dodging        | |  1.5
Stealth        | |  1.5

Action                   |  1- 3 |  4- 6 || total
-------------------------+-------+-------++-------
Melee: Short sword       |    69 |    39 ||   108
       Punch             |       |     1 ||     1
 Fire: Shortbow          |     1 |     6 ||     7
 Abil: Spit Poison       |    29 |    20 ||    49
Armor: Leather armour    |    35 |    14 ||    49
Dodge: Dodged            |    54 |    25 ||    79
